 Dungeon Crawl Stone Soup version 0.31-a0-1522-g43313d8a59 (webtiles) character file.

Game seed: 16465011836114784421

5091 night the Fighter (level 10, -10/106 HPs)
             Began as an Oni Alchemist on Dec 29, 2023.
             Was a Believer of Nemelex Xobeh.
             Mangled by a wyvern (11 damage)
             ... on level 9 of the Dungeon on Dec 30, 2023.
             The game lasted 00:24:53 (11060 turns).

night the Fighter (Oni Alchemist)                  Turns: 11060, Time: 00:24:54

Health: -10/106    AC: 10    Str: 14    XL:     10   Next: 57%
Magic:  15/21      EV:  9    Int: 20    God:    Nemelex Xobeh [**....]
Gold:   467        SH:  0    Dex:  9    Spells: 6/24 levels left

rFire   . . .        B - +2 mace (drain)
rCold   . . .        (no shield)
rNeg    . . .        w - +0 steam dragon scales
rPois   .            (helmet restricted)
rElec   .            (no cloak)
rCorr   .            (gloves unavailable)
SInv    .            (boots unavailable)
Will    +....        (no amulet)
Stlth   +            z - +4 ring of protection
HPRegen 0.37/turn    (no ring)
MPRegen 0.17/turn

%: no passive effects
@: mighty, about to teleport, very slightly contaminated
A: large, unfitting armour, horns 1, tough skin 1, double potion healing,
drunken brawling
a: Renounce Religion, Draw Escape, Draw Destruction, Draw Summoning


You were on level 9 of the Dungeon.
You worshipped Nemelex Xobeh.
Nemelex Xobeh was pleased with you.
You visited 2 branches of the dungeon, and saw 10 of its levels.

You collected 467 gold pieces.

Inventory:

Hand Weapons
 d - a +1 long sword
 g - a +5 club
 B - a +2 mace of draining (weapon)
Missiles
 c - 61 stones
 f - 10 boomerangs
 h - 15 poisoned darts
 v - a throwing net
 D - 2 curare-tipped darts
Armour
 a - a +0 robe
 w - +0 steam dragon scales (worn)
Jewellery
 z - a +4 ring of protection (left hand)
 F - a ring of willpower
Wands
 u - a wand of light (3)
 C - a wand of roots (8)
Scrolls
 j - 2 scrolls of poison
 k - 4 scrolls of identify
 p - 2 scrolls of fog
 q - a scroll of teleportation
 r - 3 scrolls of fear {unknown}
 x - a scroll of brand weapon {unknown}
 y - a scroll of revelation {unknown}
 A - a scroll of immolation
Potions
 b - 3 potions of magic
 e - a potion of curing
 i - 2 potions of heal wounds {unknown}
 l - a potion of might
 m - 2 potions of invisibility {unknown}
 n - a potion of cancellation {unknown}
 o - a potion of mutation {unknown}
 s - a potion of enlightenment {unknown}
 t - a potion of degeneration {unknown}
 E - a potion of ambrosia {unknown}


   Skills:
 + Level 8.7 Fighting
 + Level 6.1 Maces & Flails
 - Level 1.7 Dodging
 - Level 1.4 Stealth
 + Level 7.8 Spellcasting
 + Level 4.0 Conjurations
 - Level 3.0 Fire Magic
 + Level 8.2 Alchemy


You had 6 spell levels left.
You knew the following spells:

 Your Spells              Type           Power      Damage    Failure   Level
a - Sting                 Conj/Alch      100%       1d9       1%          1
b - Mercury Vapours       Alch/Air       48%        N/A       2%          2
c - Mephitic Cloud        Conj/Alch/Air  24%        N/A       4%          3
d - Olgreb's Toxic Radia  Alch           40%        N/A       3%          4
e - Sticky Flame          Fire/Alch      30%        2d7       9%          4
f - Fulminant Prism       Conj/Alch      16%        3d11      7%          4

Your spell library contained the following spells:

 Spells                   Type           Power      Damage    Failure   Level
 Magic Dart               Conj           92%        1d7       1%          1
 Searing Ray              Conj           46%        2d6       2%          2
 Apportation              Tloc           14%        N/A       9%          1
 Freeze                   Ice            28%        1d5       9%          1
 Necrotise                Necr           28%        1d5       9%          1
 Summon Small Mammal      Summ           28%        N/A       9%          1
 Alistair's Intoxication  Alch           26%        N/A       9%          5
 Hailstorm                Conj/Ice       15%        3d6       12%         3
 Blink                    Tloc           14%        N/A       13%         2
 Call Imp                 Summ           14%        N/A       13%         2
 Frozen Ramparts          Ice            14%        1d3       26%         3
 Eringya's Noxious Bog    Alch           20%        4d6       41%         6
 Freezing Cloud           Conj/Ice/Air   6%         6-21      80%         5
 Borgnjor's Vile Clutch   Necr/Erth      3%         N/A       94%         5


Dungeon Overview and Level Annotations

Branches:
Dungeon (9/15)             Temple (1/1) D:7            Lair (0/5) D:9
    Orc: D:9-12

Altars:
Ashenzari
Cheibriados
Dithmenos
Elyvilon
Fedhas
Gozag
Hepliaklqana
Kikubaaqudgha
Makhleb
Nemelex Xobeh
Okawaru
Qazlal
Ru
Sif Muna
Trog
Uskayaw
Vehumet
Wu Jian
Xom
Yredelemnul
Zin
The Shining One

Annotations:
D:3 3 runed translucent doors, BigAl98's ghost, amateur FoHu; Gorgor's ghost, amateur MiFi; Raspi's ghost, weakling DrSh


Innate Abilities, Weirdness & Mutations

You are too large for most types of armour.
You have a pair of small horns on your head.
You have tough skin. (AC +1)
You gain doubled healing and magic from potions.
Whenever you drink a healing potion, you attack all around you.


Message History

You feel sick. The wyvern bites you!
The water moccasin bites you but does no damage.
A black bear comes into view.
The wyvern closely misses you.
You barely miss the water moccasin.
The black bear growls angrily.
Your headbutt misses the water moccasin.
The water moccasin is heavily wounded.
You feel sick. The water moccasin bites you. The wyvern bites you!
* * * LOW HITPOINT WARNING * * *
The water moccasin closely misses you.
Casting: Olgreb's Toxic Radiance (dangerous; 3% risk of failure)
Confirm with . or Enter, or press ? or * to list all spells.
Aiming: Fulminant Prism (dangerous; 7% risk of failure)
Press: ? - help, Dir - move target You miscast Fulminant Prism.
You are very lightly contaminated with residual magic.
Nothing appears to happen.
You feel sick. The wyvern bites you.
* * * LOW HITPOINT WARNING * * *
The water moccasin bites you.
* * * LOW HITPOINT WARNING * * *
The wyvern closely misses you.
It was a potion of might.
You feel very mighty all of a sudden.
You feel sick. The water moccasin barely misses you. The wyvern bites you!
* * * LOW HITPOINT WARNING * * *
The water moccasin closely misses you.
Okay, then.
As you read the scroll of teleportation, it crumbles to dust.
You feel strangely unstable.
You feel sick. The wyvern barely misses you.
The water moccasin bites you but does no damage.
The wyvern bites you but does no damage.
You feel sick.
You feel sick.
You are no longer poisoned.
The wyvern attacks as it pursues you! The wyvern bites you.
* * * LOW HITPOINT WARNING * * *
The wyvern bites you!
You die...
Your body disappears without a glow.

.................................
....)................†...........
..#......#.........####..........
..#......#.......................
..#......).......................
..#...##)###....†.######.........
#.....#..).+.....................
#.....#....######..k.............
#.....#..........P@S..P.P.....###
#.....#....##...P.P...h......PS
#.....#....##..........P......P.
#.....................
.'......P...P...P......
..#...........P.........
...######.....P..P.>..... ..
#.P........P.... ...P......


You could see a water moccasin (drained), a black bear and a wyvern (very
poisoned).

Vanquished Creatures
  A hornet (D:8)
  A wraith (D:9)
  Sigmund (D:4)
  A wyvern (D:9)
  5 yaks
  4 steam dragons
  4 water moccasins
  An acid dragon (D:8)
  2 ice beasts
  2 black bears
  An orc warrior (D:8)
  3 sky beasts (D:7)
  3 centaurs
  A phantom (D:4)
  Blork the orc (D:4)
  5 bullfrogs
  2 kobold brigands
  4 scorpions
  3 howler monkeys
  2 bombardier beetles (D:5)
  2 hounds
  2 jellies
  An orc priest (D:8)
  2 sleepcaps
  2 iguanas (D:6)
  8 orc wizards
  Robin (D:2)
  9 adders
  3 white imps
  2 ufetubi (D:7)
  2 ribbon worms
  2 dart slugs
  20 orcs
  6 ball pythons
  7 bats
  4 endoplasms
  6 giant cockroaches
  15 goblins
  7 hobgoblins
  2 jackals (D:4)
  12 kobolds
  5 quokkas
  4 frilled lizards
  8 rats
  A fulminant prism (D:8)
180 creatures vanquished.

Vanquished Creatures (others)
  8 fulminant prisms
8 creatures vanquished.

Grand Total: 188 creatures vanquished

Notes
Turn   | Place    | Note
-------+----------+-------------------------------------------
     0 | D:1      | night the Oni Alchemist began the quest for the Orb.
     0 | D:1      | Reached XP level 1. HP: 16/16 MP: 3/3
   305 | D:1      | Reached XP level 2. HP: 24/26 MP: 1/5
   308 | D:1      | Learned a level 2 spell: Mercury Vapours
   368 | D:1      | Reached skill level 1 in Fighting
  1090 | D:2      | Reached XP level 3. HP: 33/33 MP: 7/7
  1094 | D:2      | Learned a level 3 spell: Mephitic Cloud
  1373 | D:2      | Noticed Robin
  1385 | D:2      | Reached skill level 2 in Fighting
  1388 | D:2      | Reached XP level 4. HP: 29/42 MP: 4/8
  1405 | D:2      | Killed Robin
  2074 | D:2      | You fall into a shaft and drop 1 floor!
  2322 | D:3      | Reached XP level 5. HP: 27/50 MP: 0/10
  2356 | D:3      | Learned a level 4 spell: Olgreb's Toxic Radiance
  3321 | D:3      | Found a runed translucent gate.
  3321 | D:3      | Found a runed translucent gate.
  3321 | D:3      | Found a runed translucent gate.
  3321 | D:3      | Noticed Raspi's ghost (weakling DrSh)
  3321 | D:3      | Noticed Gorgor's ghost (amateur MiFi)
  3324 | D:3      | Noticed BigAl98's ghost (amateur FoHu)
  3743 | D:4      | Noticed an ice beast
  3759 | D:4      | HP: 3/53 [ice beast (9)]
  3760 | D:4      | Killed an ice beast
  3761 | D:4      | Reached skill level 1 in Maces & Flails
  3761 | D:4      | Reached XP level 6. HP: 4/61 MP: 4/11
  4039 | D:4      | Noticed Blork the orc
  4054 | D:4      | Killed Blork the orc
  4132 | D:4      | Identified the +1 dagger of Noiwech {speed, rF+ rN++}
  4155 | D:4      | Reached skill level 2 in Maces & Flails
  4155 | D:4      | Reached skill level 5 in Alchemy
  4155 | D:4      | Reached XP level 7. HP: 53/70 MP: 8/13
  4304 | D:4      | Noticed Sigmund
  4330 | D:4      | Killed Sigmund
  4779 | D:5      | Entered Level 5 of the Dungeon
  4909 | D:5      | Reached skill level 5 in Fighting
  5065 | D:5      | Reached XP level 8. HP: 57/80 MP: 10/15
  5151 | D:5      | Reached skill level 5 in Spellcasting
  6106 | D:6      | Learned a level 4 spell: Sticky Flame
  6544 | D:6      | HP: 10/83 [centaur/+0 spear (9)]
  6546 | D:6      | HP: 1/83 [centaur/+0 spear (9)]
  6548 | D:6      | Upgraded the game from 0.31-a0-1496-g79c7dd0eeb to
                  | 0.31-a0-1522-g43313d8a59
  6552 | D:6      | Reached skill level 1 in Fire Magic
  6857 | D:6      | Reached XP level 9. HP: 40/91 MP: 10/17
  7036 | D:6      | Learned a level 4 spell: Fulminant Prism
  7101 | D:6      | Reached skill level 1 in Conjurations
  7146 | D:6      | Found an ornate altar of the Wu Jian Council.
  7148 | D:6      | Found a broken altar of Ashenzari.
  7304 | D:6      | Found a sparkling altar of Nemelex Xobeh.
  7607 | D:6      | Became a worshipper of Nemelex Xobeh the Trickster
  8052 | D:7      | Reached skill level 2 in Fire Magic
  8150 | D:7      | Found a staircase to the Ecumenical Temple.
  8182 | Temple   | Entered the Ecumenical Temple
  8572 | D:8      | Noticed a hornet
  8579 | D:8      | Killed a hornet
  8580 | D:8      | Reached skill level 2 in Conjurations
  8660 | D:8      | Reached * piety under Nemelex Xobeh
  8689 | D:8      | Reached skill level 5 in Maces & Flails
  8986 | D:8      | Received a gift from Nemelex Xobeh
  9112 | D:8      | Reached XP level 10. HP: 47/104 MP: 3/20
 10283 | D:9      | Reached ** piety under Nemelex Xobeh
 10441 | D:9      | Received a gift from Nemelex Xobeh
 10903 | D:9      | Found a staircase to the Lair.
 11057 | D:9      | HP: 6/106 [wyvern (13)]
 11060 | D:9      | HP: 1/106 [wyvern (4)]
 11060 | D:9      | Mangled by a wyvern

Illustrated notes

Levels and vault maps discovered:
D:1:      minmay_arrival_solitary_statue, layout_rooms, serial_bayou,
          serial_bayou_lake_a, serial_bayou_pond_e, serial_bayou_pond_a,
          serial_bayou_pond_d, minmay_pentomino_p2
D:2:      layout_basic, serial_curves, eino_curves_03, eino_curves_03,
          eino_curves_02, dk_vineyard_2, st_stairs_7, uniq_robin
D:3:      layout_basic, gammafunk_ghost_cemetery
D:4:      layout_basic, serial_glass, glass_columns_c, glass_columns_a,
          uniq_blork_the_orc, uniq_sigmund
D:5:      layout_cave_pools, minmay_misc_feat_four_crosses,
          nicolae_elevator_lobby_asterisk
D:6:      layout_basic, chequers_temple_overflow_statue_of_worship
D:7:      layout_basic, minmay_temple_entry_arrows, st_stairs_13,
          minmay_liquid_box
D:8:      layout_layer_cave, minmay_misc_feat_nine_boxes, uniq_jeremiah
D:9:      minmay_bubble_buster, layout_stronghold, due_lair_maze_entry_diamond,
          uniq_grum
Temple:   compressed_dpeg_triangle_lava_temple

Skill      XL: |  1  2  3  4  5  6  7  8  9 10 |
---------------+-------------------------------+-----
Alchemy        | 3 4 5 7 8 |  8.2
Fighting       | 1 2 3 4 5 6 7 8 |  8.7
Spellcasting   | 3 4 5 7 |  7.8
Maces & Flails | 1 2 3 4 5 6 |  6.1
Fire Magic     | 1 3 |  3.0
Conjurations   | 2 4 |  4.0
Dodging        | |  1.7
Stealth        | |  1.4

Action                     |  1- 3 |  4- 6 |  7- 9 | 10-12 || total
---------------------------+-------+-------+-------+-------++-------
  Melee: Unarmed           |     9 |       |       |       ||     9
         Long sword        |    42 |    12 |       |       ||    54
         Headbutt          |     2 |    18 |    18 |    18 ||    56
         Punch             |     1 |     1 |       |     1 ||     3
         Club              |       |    89 |    81 |       ||   170
         Mace              |       |       |     5 |    80 ||    85
   Cast: Sting             |    32 |    50 |    58 |    10 ||   150
         Mercury Vapours   |    15 |    20 |    17 |    13 ||    65
         Mephitic Cloud    |     1 |     4 |     4 |       ||     9
         Olgreb's Toxic Ra |       |     2 |    30 |    13 ||    45
         Sticky Flame      |       |       |     2 |     3 ||     5
         Fulminant Prism   |       |       |     5 |     4 ||     9
  Evoke: Wand              |       |       |     3 |       ||     3
    Use: Scroll            |     5 |       |     1 |     1 ||     7
         Potion            |       |     1 |     2 |     1 ||     4
   Stab: Sleeping          |     1 |     3 |       |       ||     4
         Confused          |       |     1 |     1 |       ||     2
 Armour: Robe              |    46 |    90 |    94 |       ||   230
         Steam dragon scal |       |       |    41 |   103 ||   144
  Dodge: Dodged            |    42 |    34 |    65 |    54 ||   195

Table legend: (Time is in decaauts)
 A = Elapsed time spent in this place.
 B = Non-inter-level travel time spent in this place.
 C = Inter-level travel time spent in this place.
 D = Time resting spent in this place.
 E = Time spent auto-exploring this place.
 F = Levels seen in this place.
 G = Mean time per level.
                   A        B        C        D        E       F      G
               +--------+--------+--------+--------+--------+-----+--------+
         Total |  11156 |  10952 |    204 |   1752 |   7680 |  10 | 1115.6 |
       Dungeon |  11154 |  10950 |    204 |   1752 |   7680 |   9 | 1239.3 |
        Temple |      1 |      1 |      0 |      0 |      0 |   1 |    1.0 |
               +--------+--------+--------+--------+--------+-----+--------+

Top non-repeatable levels by time:
     D:8: 1688 daAuts
     D:6: 1562 daAuts
     D:3: 1423 daAuts
     D:4: 1300 daAuts
     D:5: 1292 daAuts
     D:1: 1091 daAuts
     D:2: 1009 daAuts
     D:7: 926 daAuts
     D:9: 860 daAuts
  Temple: 1 daAuts
